 Dungeon Crawl Stone Soup version 0.32-a0-468-g38b2580584 (webtiles) character file.

Game seed: 4635614867531269093

700 ezpacito the Trooper (level 7, 0/54 HPs)
             Began as a Demonspawn Chaos Knight on Feb 24, 2024.
             Was a Plaything of Xom.
             Slain by an elf zombie (6 damage)
             ... in an ossuary.
             The game lasted 00:07:38 (3282 turns).

ezpacito the Trooper (Demonspawn Chaos Knight)      Turns: 3282, Time: 00:07:39

Health: 0/54       AC:  3    Str: 13    XL:     7   Next: 38%
Magic:  10/10      EV: 12    Int: 12    God:    Xom [....*.]
Gold:   286        SH: 11    Dex: 20    Spells: 3/10 levels left

rFire   . . .        a - +0 hand axe (chaos)
rCold   . . .        r - +1 buckler
rNeg    . . .        u - +0 robe of the Storm King {Harm Rampage Dex+4 Stlth+}
rPois   .            (helmet restricted)
rElec   .            q - +0 cloak
rCorr   +            (no gloves)
SInv    .            (no boots)
Will    .....        A - amulet of reflection
Stlth   +++          d - ring of flight
HPRegen 0.29/turn    g - ring of resist corrosion
MPRegen 0.12/turn

%: harm (+30% outgoing, +20% incoming), reflection, rampage
@: cleaving, flying
A: antennae 1, foul stench 2, demonic magic 1, agile 1
a: Renounce Religion


You were in an ossuary.
You worshipped Xom.
You were a beloved toy of Xom.
You visited 1 branch of the dungeon, and saw 5 of its levels.
You also visited: Ossuary.

You collected 286 gold pieces.

Inventory:

Hand Weapons
 a - a +0 hand axe of chaos (weapon)
Missiles
 y - 3 javelins (quivered)
Armour
 m - a +0 helmet
 o - a +0 scale mail
 q - a +0 cloak (worn)
 r - a +1 buckler (worn)
 u - the +0 robe of the Storm King (worn) {Harm Rampage Dex+4 Stlth+}
   (You found it on level 4 of the Dungeon)

   Dex+4:     It affects your dexterity (+4).
   Harm:      It increases damage dealt and taken.
   Rampage:   It bestows one free step when moving towards enemies.
   Stlth+:    It makes you more stealthy.
Jewellery
 d - a ring of flight (left hand)
 g - a ring of resist corrosion (right hand)
 p - a +6 ring of intelligence
 A - an amulet of reflection (around neck)
Talismans
 v - a blade talisman
Wands
 b - a wand of paralysis (12)
 s - a wand of quicksilver (9)
Scrolls
 h - a scroll of noise
 j - 2 scrolls of identify
 n - a scroll of amnesia
 x - a scroll of fog
 B - a scroll of teleportation
Miscellaneous
 k - a phial of floods (inert)


   Skills:
 * Level 4.0 Fighting
 * Level 3.4(3.5) Axes
 + Level 1.1(2.4) Polearms
 + Level 0.5 Throwing
 * Level 2.7 Armour
 * Level 2.1 Dodging
 + Level 1.4 Stealth
 * Level 2.2 Unarmed Combat
 * Level 2.2 Spellcasting
 + Level 1.1 Conjurations
 + Level 1.1 Hexes
 + Level 1.0 Summonings
 * Level 2.0 Necromancy
 + Level 0.7 Translocations
 + Level 1.1 Alchemy
 + Level 1.2 Evocations


You had 3 spell levels left.
You knew the following spells:

 Your Spells              Type           Power      Damage    Failure   Level
a - Apportation           Tloc           6%         N/A       26%         1
b - Necrotise             Necr           24%        1d5       16%         1
c - Sting                 Conj/Alch      16%        1d4       22%         1
d - Summon Small Mammal   Summ           12%        N/A       24%         1
e - Inner Flame           Hex/Fire       2%         N/A       65%         3

Your spell library contained the following spells:

 Spells                   Type           Power      Damage    Failure   Level
 Sublimation of Blood     Necr           6%         N/A       24%         2
 Jinxbite                 Hex            8%         N/A       34%         2
 Call Imp                 Summ           6%         N/A       36%         2
 Blink                    Tloc           6%         N/A       38%         2
 Flame Wave               Conj/Fire      2%         2d4       96%         4
 Sticky Flame             Fire/Alch      2%         2d4       96%         4
 Yara's Violent Unravell  Hex/Alch       2%         3d3       99%         5
 Dispersal                Tloc           1%         N/A       100%        6
 Enfeeble                 Hex            2%         N/A       100%        7
 Malign Gateway           Summ/Tloc      1%         N/A       100%        7
 Summon Hydra             Summ           1%         N/A       100%        7


Dungeon Overview and Level Annotations

Branches:
Dungeon (5/15)            Ossuary (1/1)
 Temple: D:4-7

Altars:
Xom


Innate Abilities, Weirdness & Mutations

You have a pair of small antennae on your head.
You sometimes emit foul miasma when damaged in melee.
Spells you cast may paralyse adjacent enemies.
You are agile. (Dex +4, Str/Int -1)


Message History

You slash the hound zombie!
The hound zombie is moderately damaged.
You block the hound zombie's attack. x2
You barely miss the hound zombie.
The hound zombie is moderately damaged.
You barely miss the elf zombie. The hound zombie bites you.
* * * LOW HITPOINT WARNING * * *
The elf zombie barely misses you. The hound zombie bites you.
* * * LOW HITPOINT WARNING * * *
Unknown command.
You aren't carrying any potions.
Okay, then.
Aiming: Quicksilver Bolt
Press: ? - help, Shift-Dir - straight line, f - hound zombie
Aim: a hound zombie (purple smoke, moderately damaged, 79% to hit)
Okay, then.
Aim the phial where?
Press: ? - help, Shift-Dir - straight line, f - hound zombie
Aim: a hound zombie (purple smoke, moderately damaged, 79% to hit)
The torrent of water hits the hound zombie!
The hound zombie is almost destroyed.
The hound zombie is knocked back by the torrent of water.
The wave splashes down.
The elf zombie hits you.
* * * LOW HITPOINT WARNING * * *
You barely miss the elf zombie.
The elf zombie is heavily damaged.
You block the elf zombie's attack.
You hit the elf zombie but do no damage.
The elf zombie is heavily damaged.
You hit the hound zombie. You burn the hound zombie.
You block the hound zombie's attack.
You hit the elf zombie. You burn the elf zombie.
The elf zombie is severely damaged.
You hit the hound zombie.
You destroy the hound zombie!
The elf zombie splashes around in the water.
You hit the elf zombie.
The elf zombie is severely damaged.
The elf zombie hits you.
You die...

..######..######...#
..# #..# #.☼§# ..#
#..# #○☼§# ..# #..#
#§§§# ..# ,.....
#.§°# ..# ##......
#Z§§# ..#
#.......#§§§# ..#{
#.......#§Z§# ..#
#.∩.....#@°§# ..#
....+####○☼○# ..#
#☼○○# ..# {{{ #§☼☼#
..##############§☼☼#
...............☼§○§#
........∩∩.....§§§○#
####################


You could see 2 elf zombies.

Vanquished Creatures
  A phantom (D:5)
  An elf zombie (Ossuary)
  A scorpion (D:5)
  A howler monkey (D:5)
  A bombardier beetle (D:4)
  A centaur zombie (Ossuary)
  A human zombie (Ossuary)
  A jelly (D:4)
  An orc wizard (D:3)
  10 hound zombies (Ossuary)
  3 mummies
  6 adders
  2 adder zombies (Ossuary)
  A ribbon worm (D:3)
  4 dart slugs
  7 orcs
  5 endoplasms
  4 giant cockroaches
  5 gnoll zombies (Ossuary)
  10 goblins
  7 hobgoblins
  4 jackals
  5 kobolds
  8 quokkas
  9 ball pythons
  A bat (D:1)
  6 jackal zombies (Ossuary)
  4 kobold zombies (Ossuary)
  2 orc zombies (Ossuary)
  3 rats
115 creatures vanquished.

Vanquished Creatures (collateral kills)
  Robin (D:3)
  2 goblins (D:3)
3 creatures vanquished.

Vanquished Creatures (others)
  A scorpion (D:3)
  A kobold zombie (Ossuary)
  An orc zombie (Ossuary)
3 creatures vanquished.

Grand Total: 121 creatures vanquished

Notes
Turn   | Place    | Note
-------+----------+-------------------------------------------
     0 | D:1      | ezpacito the Demonspawn Chaos Knight began the quest for
                  | the Orb.
     0 | D:1      | Reached XP level 1. HP: 18/18 MP: 1/1
   110 | D:1      | Reached skill level 1 in Dodging
   287 | D:1      | Gained mutation: You may rarely emit foul miasma when
                  | damaged in melee. [demonic ancestry]
   287 | D:1      | Reached XP level 2. HP: 22/24 MP: 2/2
   437 | D:1      | Found a faded altar of an unknown god.
   507 | D:1      | XOM: silly message
   646 | D:2      | Reached skill level 1 in Spellcasting
   684 | D:2      | XOM: silly message
   730 | D:2      | You are sucked into a shaft and drop 1 floor!
   781 | D:3      | Reached XP level 3. HP: 29/29 MP: 4/4
   822 | D:3      | Noticed a scorpion
   822 | D:3      | XOM: enchant monster (good)
   833 | D:3      | Noticed Robin
   838 | D:3      | Killed Robin
   841 | D:3      | Reached skill level 1 in Unarmed Combat
   872 | D:3      | Gained mutation: Spells you cast may paralyse adjacent
                  | enemies. [demonic ancestry]
   872 | D:3      | Reached XP level 4. HP: 15/35 MP: 5/5
   935 | D:3      | XOM: god gift: phial of floods
   997 | D:2      | XOM: 1-stop teleportation journey
  1148 | D:2      | XOM: god gift: book of Cantrips
  1153 | D:2      | Learned a level 1 spell: Apportation
  1155 | D:2      | Learned a level 1 spell: Necrotise
  1157 | D:2      | Learned a level 1 spell: Sting
  1159 | D:2      | Learned a level 1 spell: Summon Small Mammal
  1326 | D:3      | XOM: scenery: 1 doors open
  1381 | D:3      | Got the Octavo of Elsewhere
  1398 | D:3      | XOM: god gift: dire flail {god gift}
  1776 | D:3      | XOM: cleaving
  1950 | D:3      | XOM: scenery: 2 doors close
  2011 | D:4      | XOM: polymorph adder -> jackal
  2015 | D:4      | Gained mutation: You have a pair of small antennae on your
                  | head. [demonic ancestry]
  2015 | D:4      | Reached XP level 5. HP: 36/41 MP: 7/7
  2018 | D:4      | XOM: god gift: trident {god gift}
  2115 | D:4      | Reached skill level 1 in Stealth
  2119 | D:4      | XOM: give mutation
  2119 | D:4      | Gained mutation: You are agile. (Dex +4, Str/Int -1) [Xom's
                  | grace]
  2133 | D:4      | Identified the +0 robe of the Storm King {Harm Rampage
                  | Dex+4 Stlth+}
  2154 | D:4      | Reached skill level 1 in Necromancy
  2333 | D:4      | XOM: god gift: 18 gold pieces
  2356 | D:4      | Learned a level 3 spell: Inner Flame
  2433 | D:4      | XOM: cloud trail
  2630 | D:5      | Entered Level 5 of the Dungeon
  2680 | D:5      | Gained mutation: You sometimes emit foul miasma when
                  | damaged in melee. [demonic ancestry]
  2680 | D:5      | Reached XP level 6. HP: 36/48 MP: 8/8
  2691 | D:5      | XOM: scenery: create altars
  2707 | D:5      | XOM: polymorph adder -> jackal
  2738 | D:5      | Reached skill level 1 in Polearms
  2738 | D:5      | Reached skill level 1 in Evocations
  2797 | D:5      | XOM: cloud trail
  2863 | D:5      | Found a sand-covered staircase.
  2872 | D:5      | Reached skill level 1 in Alchemy
  2875 | Ossuary  | Entered an ossuary
  2883 | Ossuary  | XOM: destruction
  2948 | Ossuary  | Reached XP level 7. HP: 53/53 MP: 10/10
  2961 | Ossuary  | Reached skill level 1 in Conjurations
  2976 | Ossuary  | Reached skill level 1 in Summonings
  2982 | Ossuary  | XOM: butterfly on damage
  3179 | Ossuary  | XOM: divine lightning
  3186 | Ossuary  | Reached skill level 1 in Hexes
  3219 | Ossuary  | Reached skill level 4 in Fighting
  3235 | Ossuary  | XOM: scenery: 1 doors close
  3237 | Ossuary  | XOM: fake destruction
  3242 | Ossuary  | XOM: cleaving
  3282 | Ossuary  | Slain by an elf zombie

Illustrated notes

Levels and vault maps discovered:
D:1:      dpeg_arrival_shrine, layout_basic, shapermc_ecumenical_altar_pompeii
D:2:      layout_rooms
D:3:      minmay_evil_eye, layout_basic, kennysheep_big_empty_room, uniq_robin
D:4:      layout_cave_pools
D:5:      layout_basic, gup_ossuary_entry_pyramid
Ossuary:  ossuary_tomb_1

Skill      XL: |  1  2  3  4  5  6  7 |
---------------+----------------------+-----
Dodging        | 1 2 |  2.1
Spellcasting   | 1 2 |  2.2
Armour         | 2 |  2.7
Unarmed Combat | 1 2 |  2.2
Axes           | 3 |  3.4
Stealth        | 1 |  1.4
Necromancy     | 1 2 |  2.0
Polearms       | 1 |  1.1
Evocations     | 1 |  1.2
Alchemy        | 1 |  1.1
Conjurations   | 1 |  1.1
Summonings     | 1 |  1.0
Hexes          | 1 |  1.1
Fighting       | 4 |  4.0
Throwing       | |  0.5
Translocations | |  0.7

Action                     |  1- 3 |  4- 6 |  7- 9 || total
---------------------------+-------+-------+-------++-------
  Melee: Hand axe          |   101 |   190 |    94 ||   385
  Evoke: Wand              |       |       |     1 ||     1
         Phial of floods   |       |       |     1 ||     1
    Use: Potion            |     1 |     1 |     2 ||     4
         Scroll            |       |     8 |     5 ||    13
   Stab: Petrified         |     8 |       |       ||     8
         Petrifying        |     1 |     1 |       ||     2
         Sleeping          |       |     6 |       ||     6
         Distracted        |       |     1 |       ||     1
         Paralysed         |       |     1 |       ||     1
         Confused          |       |     6 |     7 ||    13
 Armour: Leather armour    |    61 |     7 |       ||    68
         Scale mail        |       |    83 |       ||    83
         Robe              |       |    38 |    68 ||   106
  Dodge: Dodged            |    52 |   102 |    89 ||   243
  Block: Buckler           |       |    47 |    75 ||   122

Table legend: (Time is in decaauts)
 A = Elapsed time spent in this place.
 B = Non-inter-level travel time spent in this place.
 C = Inter-level travel time spent in this place.
 D = Time resting spent in this place.
 E = Time spent auto-exploring this place.
 F = Levels seen in this place.
 G = Mean time per level.
                   A        B        C        D        E       F      G
               +--------+--------+--------+--------+--------+-----+--------+
         Total |   3348 |   3158 |    190 |    246 |   1907 |   6 |  558.0 |
       Dungeon |   2919 |   2729 |    190 |    122 |   1829 |   5 |  583.8 |
       Ossuary |    429 |    429 |      0 |    124 |     78 |   1 |  429.0 |
               +--------+--------+--------+--------+--------+-----+--------+

Top non-repeatable levels by time:
     D:3: 965 daAuts
     D:4: 638 daAuts
     D:1: 602 daAuts
     D:2: 458 daAuts
 Ossuary: 429 daAuts
     D:5: 254 daAuts
